%YAML 1.1
%TAG !u! tag:unity3d.com,2011:
--- !u!1 &1924091653601404061
GameObject:
  m_ObjectHideFlags: 0
  m_CorrespondingSourceObject: {fileID: 0}
  m_PrefabInstance: {fileID: 0}
  m_PrefabAsset: {fileID: 0}
  serializedVersion: 6
  m_Component:
  - component: {fileID: 1924091653601404048}
  - component: {fileID: 1924091653601404060}
  - component: {fileID: 1924091653601404050}
  - component: {fileID: 1924091653601404051}
  - component: {fileID: 1924091653601404049}
  m_Layer: 0
  m_Name: Interactive Lighting Sequence
  m_TagString: Untagged
  m_Icon: {fileID: 0}
  m_NavMeshLayer: 0
  m_StaticEditorFlags: 0
  m_IsActive: 1
--- !u!4 &1924091653601404048
Transform:
  m_ObjectHideFlags: 0
  m_CorrespondingSourceObject: {fileID: 0}
  m_PrefabInstance: {fileID: 0}
  m_PrefabAsset: {fileID: 0}
  m_GameObject: {fileID: 1924091653601404061}
  m_LocalRotation: {x: -0, y: -0, z: -0, w: 1}
  m_LocalPosition: {x: 0, y: 0, z: 0}
  m_LocalScale: {x: 1, y: 1, z: 1}
  m_ConstrainProportionsScale: 0
  m_Children: []
  m_Father: {fileID: 1924091654722573523}
  m_RootOrder: 2
  m_LocalEulerAnglesHint: {x: 0, y: 0, z: 0}
--- !u!320 &1924091653601404060
PlayableDirector:
  m_ObjectHideFlags: 0
  m_CorrespondingSourceObject: {fileID: 0}
  m_PrefabInstance: {fileID: 0}
  m_PrefabAsset: {fileID: 0}
  m_GameObject: {fileID: 1924091653601404061}
  m_Enabled: 1
  serializedVersion: 3
  m_PlayableAsset: {fileID: 11400000, guid: 708570a6b1744964cb41d6a77669160c, type: 2}
  m_InitialState: 0
  m_WrapMode: 2
  m_DirectorUpdateMode: 1
  m_InitialTime: 0
  m_SceneBindings:
  - key: {fileID: -7594983402072607358, guid: 708570a6b1744964cb41d6a77669160c, type: 2}
    value: {fileID: 1924091653601404050}
  - key: {fileID: -7574899147489731834, guid: 708570a6b1744964cb41d6a77669160c, type: 2}
    value: {fileID: 4554053167598703742}
  - key: {fileID: 4006905050385353225, guid: 708570a6b1744964cb41d6a77669160c, type: 2}
    value: {fileID: 1924091653601404051}
  - key: {fileID: -4369441078779101589, guid: 708570a6b1744964cb41d6a77669160c, type: 2}
    value: {fileID: 8547458919779046450}
  m_ExposedReferences:
    m_References: []
--- !u!95 &1924091653601404050
Animator:
  serializedVersion: 4
  m_ObjectHideFlags: 0
  m_CorrespondingSourceObject: {fileID: 0}
  m_PrefabInstance: {fileID: 0}
  m_PrefabAsset: {fileID: 0}
  m_GameObject: {fileID: 1924091653601404061}
  m_Enabled: 1
  m_Avatar: {fileID: 0}
  m_Controller: {fileID: 0}
  m_CullingMode: 0
  m_UpdateMode: 0
  m_ApplyRootMotion: 0
  m_LinearVelocityBlending: 0
  m_StabilizeFeet: 0
  m_WarningMessage: 
  m_HasTransformHierarchy: 1
  m_AllowConstantClipSamplingOptimization: 1
  m_KeepAnimatorControllerStateOnDisable: 0
--- !u!114 &1924091653601404051
MonoBehaviour:
  m_ObjectHideFlags: 0
  m_CorrespondingSourceObject: {fileID: 0}
  m_PrefabInstance: {fileID: 0}
  m_PrefabAsset: {fileID: 0}
  m_GameObject: {fileID: 1924091653601404061}
  m_Enabled: 1
  m_EditorHideFlags: 0
  m_Script: {fileID: 11500000, guid: e52de21a22b6dd44c9cc19f810c65059, type: 3}
  m_Name: 
  m_EditorClassIdentifier: 
  m_Events:
    m_Signals:
    - {fileID: 11400000, guid: 7c8279b6191caea4d95a68aadfccbc8d, type: 2}
    - {fileID: 11400000, guid: fa0ef73c010bbc641bcce4f0393d83e6, type: 2}
    - {fileID: 11400000, guid: ed8f1a041749b1243abed54d7a0fad74, type: 2}
    - {fileID: 11400000, guid: 309c89392f19d9642a9700d2a38f03bc, type: 2}
    - {fileID: 11400000, guid: ab6bb78dc775cda4ca1e405bc889d47d, type: 2}
    - {fileID: 11400000, guid: 85769166d5eae0e4e907bee7cb17ee3f, type: 2}
    - {fileID: 11400000, guid: 73abff731c1c3cf4396d39e287b960e2, type: 2}
    m_Events:
    - m_PersistentCalls:
        m_Calls:
        - m_Target: {fileID: 1924091653601404060}
          m_TargetAssemblyTypeName: 
          m_MethodName: Pause
          m_Mode: 1
          m_Arguments:
            m_ObjectArgument: {fileID: 0}
            m_ObjectArgumentAssemblyTypeName: UnityEngine.Object, UnityEngine
            m_IntArgument: 0
            m_FloatArgument: 0
            m_StringArgument: 
            m_BoolArgument: 0
          m_CallState: 2
    - m_PersistentCalls:
        m_Calls:
        - m_Target: {fileID: 1924091654266848626}
          m_TargetAssemblyTypeName: 
          m_MethodName: set_enabled
          m_Mode: 6
          m_Arguments:
            m_ObjectArgument: {fileID: 0}
            m_ObjectArgumentAssemblyTypeName: UnityEngine.Object, UnityEngine
            m_IntArgument: 0
            m_FloatArgument: 0
            m_StringArgument: 
            m_BoolArgument: 1
          m_CallState: 2
        - m_Target: {fileID: 1924091654266848637}
          m_TargetAssemblyTypeName: 
          m_MethodName: SetActive
          m_Mode: 6
          m_Arguments:
            m_ObjectArgument: {fileID: 0}
            m_ObjectArgumentAssemblyTypeName: UnityEngine.Object, UnityEngine
            m_IntArgument: 0
            m_FloatArgument: 0
            m_StringArgument: 
            m_BoolArgument: 1
          m_CallState: 2
        - m_Target: {fileID: 1924091654266848636}
          m_TargetAssemblyTypeName: 
          m_MethodName: set_enabled
          m_Mode: 6
          m_Arguments:
            m_ObjectArgument: {fileID: 0}
            m_ObjectArgumentAssemblyTypeName: UnityEngine.Object, UnityEngine
            m_IntArgument: 0
            m_FloatArgument: 0
            m_StringArgument: 
            m_BoolArgument: 0
          m_CallState: 2
        - m_Target: {fileID: 1924091653787964663}
          m_TargetAssemblyTypeName: SunInTheSky, RePiX_VR
          m_MethodName: On
          m_Mode: 1
          m_Arguments:
            m_ObjectArgument: {fileID: 0}
            m_ObjectArgumentAssemblyTypeName: UnityEngine.Object, UnityEngine
            m_IntArgument: 0
            m_FloatArgument: 0
            m_StringArgument: 
            m_BoolArgument: 0
          m_CallState: 2
    - m_PersistentCalls:
        m_Calls: []
    - m_PersistentCalls:
        m_Calls:
        - m_Target: {fileID: 1924091653642658882}
          m_TargetAssemblyTypeName: 
          m_MethodName: set_enabled
          m_Mode: 6
          m_Arguments:
            m_ObjectArgument: {fileID: 0}
            m_ObjectArgumentAssemblyTypeName: UnityEngine.Object, UnityEngine
            m_IntArgument: 0
            m_FloatArgument: 0
            m_StringArgument: 
            m_BoolArgument: 1
          m_CallState: 2
        - m_Target: {fileID: 1924091654266848636}
          m_TargetAssemblyTypeName: 
          m_MethodName: set_enabled
          m_Mode: 6
          m_Arguments:
            m_ObjectArgument: {fileID: 0}
            m_ObjectArgumentAssemblyTypeName: UnityEngine.Object, UnityEngine
            m_IntArgument: 0
            m_FloatArgument: 0
            m_StringArgument: 
            m_BoolArgument: 1
          m_CallState: 2
        - m_Target: {fileID: 0}
          m_TargetAssemblyTypeName: 
          m_MethodName: DoneStep
          m_Mode: 5
          m_Arguments:
            m_ObjectArgument: {fileID: 0}
            m_ObjectArgumentAssemblyTypeName: UnityEngine.Object, UnityEngine
            m_IntArgument: 0
            m_FloatArgument: 0
            m_StringArgument: explanation
            m_BoolArgument: 1
          m_CallState: 2
    - m_PersistentCalls:
        m_Calls:
        - m_Target: {fileID: 1954093198515903217}
          m_TargetAssemblyTypeName: 
          m_MethodName: SetActive
          m_Mode: 6
          m_Arguments:
            m_ObjectArgument: {fileID: 0}
            m_ObjectArgumentAssemblyTypeName: UnityEngine.Object, UnityEngine
            m_IntArgument: 0
            m_FloatArgument: 0
            m_StringArgument: 
            m_BoolArgument: 1
          m_CallState: 2
        - m_Target: {fileID: 1924091654266848637}
          m_TargetAssemblyTypeName: 
          m_MethodName: SetActive
          m_Mode: 6
          m_Arguments:
            m_ObjectArgument: {fileID: 0}
            m_ObjectArgumentAssemblyTypeName: UnityEngine.Object, UnityEngine
            m_IntArgument: 0
            m_FloatArgument: 0
            m_StringArgument: 
            m_BoolArgument: 0
          m_CallState: 2
        - m_Target: {fileID: 1924091653787964663}
          m_TargetAssemblyTypeName: SunInTheSky, RePiX_VR
          m_MethodName: On
          m_Mode: 1
          m_Arguments:
            m_ObjectArgument: {fileID: 0}
            m_ObjectArgumentAssemblyTypeName: UnityEngine.Object, UnityEngine
            m_IntArgument: 0
            m_FloatArgument: 0
            m_StringArgument: 
            m_BoolArgument: 0
          m_CallState: 2
    - m_PersistentCalls:
        m_Calls: []
    - m_PersistentCalls:
        m_Calls: []
--- !u!114 &1924091653601404049
MonoBehaviour:
  m_ObjectHideFlags: 0
  m_CorrespondingSourceObject: {fileID: 0}
  m_PrefabInstance: {fileID: 0}
  m_PrefabAsset: {fileID: 0}
  m_GameObject: {fileID: 1924091653601404061}
  m_Enabled: 1
  m_EditorHideFlags: 0
  m_Script: {fileID: 11500000, guid: eb8df140094b00043a53efbe178b3502, type: 3}
  m_Name: 
  m_EditorClassIdentifier: 
--- !u!1 &1924091654722573533
GameObject:
  m_ObjectHideFlags: 0
  m_CorrespondingSourceObject: {fileID: 0}
  m_PrefabInstance: {fileID: 0}
  m_PrefabAsset: {fileID: 0}
  serializedVersion: 6
  m_Component:
  - component: {fileID: 1924091654722573523}
  - component: {fileID: 1924091654722573532}
  - component: {fileID: 5531841559538789949}
  m_Layer: 0
  m_Name: Lighting Stage (interactive)
  m_TagString: Untagged
  m_Icon: {fileID: 0}
  m_NavMeshLayer: 0
  m_StaticEditorFlags: 0
  m_IsActive: 1
--- !u!4 &1924091654722573523
Transform:
  m_ObjectHideFlags: 0
  m_CorrespondingSourceObject: {fileID: 0}
  m_PrefabInstance: {fileID: 0}
  m_PrefabAsset: {fileID: 0}
  m_GameObject: {fileID: 1924091654722573533}
  m_LocalRotation: {x: -0, y: -0, z: -0, w: 1}
  m_LocalPosition: {x: -1.3508759, y: -0.5867332, z: 0.7148895}
  m_LocalScale: {x: 1, y: 1, z: 1}
  m_ConstrainProportionsScale: 0
  m_Children:
  - {fileID: 1924091654663284406}
  - {fileID: 4554053167242295075}
  - {fileID: 1924091653601404048}
  - {fileID: 1303631288246214800}
  m_Father: {fileID: 0}
  m_RootOrder: 0
  m_LocalEulerAnglesHint: {x: 0, y: 0, z: 0}
--- !u!114 &1924091654722573532
MonoBehaviour:
  m_ObjectHideFlags: 0
  m_CorrespondingSourceObject: {fileID: 0}
  m_PrefabInstance: {fileID: 0}
  m_PrefabAsset: {fileID: 0}
  m_GameObject: {fileID: 1924091654722573533}
  m_Enabled: 1
  m_EditorHideFlags: 0
  m_Script: {fileID: 11500000, guid: 870320139fb1c7441b94244286eaea38, type: 3}
  m_Name: 
  m_EditorClassIdentifier: 
  autoStart: 1
  learningUnit: {fileID: 1924091654663284425}
  playPauseManager: {fileID: 4372206958601648607}
  director: {fileID: 1924091653601404060}
  onReset:
    m_PersistentCalls:
      m_Calls: []
  onNext:
    m_PersistentCalls:
      m_Calls:
      - m_Target: {fileID: 5531841559538789949}
        m_TargetAssemblyTypeName: OmiLAXR.SceneManagement.Runtime.SceneQueueControl,
          OmiLAXR.SceneManagement
        m_MethodName: MoveToNextScene
        m_Mode: 1
        m_Arguments:
          m_ObjectArgument: {fileID: 0}
          m_ObjectArgumentAssemblyTypeName: UnityEngine.Object, UnityEngine
          m_IntArgument: 0
          m_FloatArgument: 0
          m_StringArgument: 
          m_BoolArgument: 0
        m_CallState: 2
  onEnabledNextStage:
    m_PersistentCalls:
      m_Calls: []
--- !u!114 &5531841559538789949
MonoBehaviour:
  m_ObjectHideFlags: 0
  m_CorrespondingSourceObject: {fileID: 0}
  m_PrefabInstance: {fileID: 0}
  m_PrefabAsset: {fileID: 0}
  m_GameObject: {fileID: 1924091654722573533}
  m_Enabled: 1
  m_EditorHideFlags: 0
  m_Script: {fileID: 11500000, guid: d616bbb4998347b38f74dbe4728387b3, type: 3}
  m_Name: 
  m_EditorClassIdentifier: 
  setNextSceneActive: 1
  refillQueueWhenEmpty: 0
--- !u!1001 &1924091653606072637
PrefabInstance:
  m_ObjectHideFlags: 0
  serializedVersion: 2
  m_Modification:
    m_TransformParent: {fileID: 1924091654722573523}
    m_Modifications:
    - target: {fileID: 2702300582659741214, guid: a3edf85b258ef5e4485b7abeb91a853c,
        type: 3}
      propertyPath: m_Pivot.x
      value: 0.5
      objectReference: {fileID: 0}
    - target: {fileID: 2702300582659741214, guid: a3edf85b258ef5e4485b7abeb91a853c,
        type: 3}
      propertyPath: m_Pivot.y
      value: 0.5
      objectReference: {fileID: 0}
    - target: {fileID: 2702300582659741214, guid: a3edf85b258ef5e4485b7abeb91a853c,
        type: 3}
      propertyPath: m_RootOrder
      value: 1
      objectReference: {fileID: 0}
    - target: {fileID: 2702300582659741214, guid: a3edf85b258ef5e4485b7abeb91a853c,
        type: 3}
      propertyPath: m_AnchorMax.x
      value: 0
      objectReference: {fileID: 0}
    - target: {fileID: 2702300582659741214, guid: a3edf85b258ef5e4485b7abeb91a853c,
        type: 3}
      propertyPath: m_AnchorMax.y
      value: 0
      objectReference: {fileID: 0}
    - target: {fileID: 2702300582659741214, guid: a3edf85b258ef5e4485b7abeb91a853c,
        type: 3}
      propertyPath: m_AnchorMin.x
      value: 0
      objectReference: {fileID: 0}
    - target: {fileID: 2702300582659741214, guid: a3edf85b258ef5e4485b7abeb91a853c,
        type: 3}
      propertyPath: m_AnchorMin.y
      value: 0
      objectReference: {fileID: 0}
    - target: {fileID: 2702300582659741214, guid: a3edf85b258ef5e4485b7abeb91a853c,
        type: 3}
      propertyPath: m_SizeDelta.x
      value: 1
      objectReference: {fileID: 0}
    - target: {fileID: 2702300582659741214, guid: a3edf85b258ef5e4485b7abeb91a853c,
        type: 3}
      propertyPath: m_SizeDelta.y
      value: 0.5
      objectReference: {fileID: 0}
    - target: {fileID: 2702300582659741214, guid: a3edf85b258ef5e4485b7abeb91a853c,
        type: 3}
      propertyPath: m_LocalPosition.x
      value: 0
      objectReference: {fileID: 0}
    - target: {fileID: 2702300582659741214, guid: a3edf85b258ef5e4485b7abeb91a853c,
        type: 3}
      propertyPath: m_LocalPosition.y
      value: 0
      objectReference: {fileID: 0}
    - target: {fileID: 2702300582659741214, guid: a3edf85b258ef5e4485b7abeb91a853c,
        type: 3}
      propertyPath: m_LocalPosition.z
      value: 0
      objectReference: {fileID: 0}
    - target: {fileID: 2702300582659741214, guid: a3edf85b258ef5e4485b7abeb91a853c,
        type: 3}
      propertyPath: m_LocalRotation.w
      value: 0
      objectReference: {fileID: 0}
    - target: {fileID: 2702300582659741214, guid: a3edf85b258ef5e4485b7abeb91a853c,
        type: 3}
      propertyPath: m_LocalRotation.x
      value: -0
      objectReference: {fileID: 0}
    - target: {fileID: 2702300582659741214, guid: a3edf85b258ef5e4485b7abeb91a853c,
        type: 3}
      propertyPath: m_LocalRotation.y
      value: 1
      objectReference: {fileID: 0}
    - target: {fileID: 2702300582659741214, guid: a3edf85b258ef5e4485b7abeb91a853c,
        type: 3}
      propertyPath: m_LocalRotation.z
      value: -0
      objectReference: {fileID: 0}
    - target: {fileID: 2702300582659741214, guid: a3edf85b258ef5e4485b7abeb91a853c,
        type: 3}
      propertyPath: m_AnchoredPosition.x
      value: 0
      objectReference: {fileID: 0}
    - target: {fileID: 2702300582659741214, guid: a3edf85b258ef5e4485b7abeb91a853c,
        type: 3}
      propertyPath: m_AnchoredPosition.y
      value: 0.2669983
      objectReference: {fileID: 0}
    - target: {fileID: 2702300582659741214, guid: a3edf85b258ef5e4485b7abeb91a853c,
        type: 3}
      propertyPath: m_LocalEulerAnglesHint.x
      value: 0
      objectReference: {fileID: 0}
    - target: {fileID: 2702300582659741214, guid: a3edf85b258ef5e4485b7abeb91a853c,
        type: 3}
      propertyPath: m_LocalEulerAnglesHint.y
      value: 180
      objectReference: {fileID: 0}
    - target: {fileID: 2702300582659741214, guid: a3edf85b258ef5e4485b7abeb91a853c,
        type: 3}
      propertyPath: m_LocalEulerAnglesHint.z
      value: 0
      objectReference: {fileID: 0}
    - target: {fileID: 2702300582659741215, guid: a3edf85b258ef5e4485b7abeb91a853c,
        type: 3}
      propertyPath: m_Name
      value: Lighting Stage Panel
      objectReference: {fileID: 0}
    - target: {fileID: 2702300583008499009, guid: a3edf85b258ef5e4485b7abeb91a853c,
        type: 3}
      propertyPath: m_audioClip
      value: 
      objectReference: {fileID: 8300000, guid: a68eb50a135029646aae2da69ac7889c, type: 3}
    m_RemovedComponents: []
  m_SourcePrefab: {fileID: 100100000, guid: a3edf85b258ef5e4485b7abeb91a853c, type: 3}
--- !u!114 &4372206958601648607 stripped
MonoBehaviour:
  m_CorrespondingSourceObject: {fileID: 2746787005417052386, guid: a3edf85b258ef5e4485b7abeb91a853c,
    type: 3}
  m_PrefabInstance: {fileID: 1924091653606072637}
  m_PrefabAsset: {fileID: 0}
  m_GameObject: {fileID: 0}
  m_Enabled: 1
  m_EditorHideFlags: 0
  m_Script: {fileID: 11500000, guid: b165416de1ef4f76b3a1f94a1f687fbc, type: 3}
  m_Name: 
  m_EditorClassIdentifier: 
--- !u!224 &4554053167242295075 stripped
RectTransform:
  m_CorrespondingSourceObject: {fileID: 2702300582659741214, guid: a3edf85b258ef5e4485b7abeb91a853c,
    type: 3}
  m_PrefabInstance: {fileID: 1924091653606072637}
  m_PrefabAsset: {fileID: 0}
--- !u!114 &4554053167598703742 stripped
MonoBehaviour:
  m_CorrespondingSourceObject: {fileID: 2702300583008499011, guid: a3edf85b258ef5e4485b7abeb91a853c,
    type: 3}
  m_PrefabInstance: {fileID: 1924091653606072637}
  m_PrefabAsset: {fileID: 0}
  m_GameObject: {fileID: 0}
  m_Enabled: 1
  m_EditorHideFlags: 0
  m_Script: {fileID: 11500000, guid: 5f7201a12d95ffc409449d95f23cf332, type: 3}
  m_Name: 
  m_EditorClassIdentifier: 
--- !u!114 &8547458919779046450 stripped
MonoBehaviour:
  m_CorrespondingSourceObject: {fileID: 7794908193021719823, guid: a3edf85b258ef5e4485b7abeb91a853c,
    type: 3}
  m_PrefabInstance: {fileID: 1924091653606072637}
  m_PrefabAsset: {fileID: 0}
  m_GameObject: {fileID: 0}
  m_Enabled: 1
  m_EditorHideFlags: 0
  m_Script: {fileID: 11500000, guid: e52de21a22b6dd44c9cc19f810c65059, type: 3}
  m_Name: 
  m_EditorClassIdentifier: 
--- !u!1001 &7050254725094272956
PrefabInstance:
  m_ObjectHideFlags: 0
  serializedVersion: 2
  m_Modification:
    m_TransformParent: {fileID: 1924091654722573523}
    m_Modifications:
    - target: {fileID: 8891291470376257802, guid: 48b3ea1c0cb5b0d4cbd3fb6d3472d1ec,
        type: 3}
      propertyPath: m_RootOrder
      value: 0
      objectReference: {fileID: 0}
    - target: {fileID: 8891291470376257802, guid: 48b3ea1c0cb5b0d4cbd3fb6d3472d1ec,
        type: 3}
      propertyPath: m_LocalPosition.x
      value: 1.3508759
      objectReference: {fileID: 0}
    - target: {fileID: 8891291470376257802, guid: 48b3ea1c0cb5b0d4cbd3fb6d3472d1ec,
        type: 3}
      propertyPath: m_LocalPosition.y
      value: 0.5867332
      objectReference: {fileID: 0}
    - target: {fileID: 8891291470376257802, guid: 48b3ea1c0cb5b0d4cbd3fb6d3472d1ec,
        type: 3}
      propertyPath: m_LocalPosition.z
      value: -0.7148895
      objectReference: {fileID: 0}
    - target: {fileID: 8891291470376257802, guid: 48b3ea1c0cb5b0d4cbd3fb6d3472d1ec,
        type: 3}
      propertyPath: m_LocalRotation.w
      value: 1
      objectReference: {fileID: 0}
    - target: {fileID: 8891291470376257802, guid: 48b3ea1c0cb5b0d4cbd3fb6d3472d1ec,
        type: 3}
      propertyPath: m_LocalRotation.x
      value: -0
      objectReference: {fileID: 0}
    - target: {fileID: 8891291470376257802, guid: 48b3ea1c0cb5b0d4cbd3fb6d3472d1ec,
        type: 3}
      propertyPath: m_LocalRotation.y
      value: -0
      objectReference: {fileID: 0}
    - target: {fileID: 8891291470376257802, guid: 48b3ea1c0cb5b0d4cbd3fb6d3472d1ec,
        type: 3}
      propertyPath: m_LocalRotation.z
      value: -0
      objectReference: {fileID: 0}
    - target: {fileID: 8891291470376257802, guid: 48b3ea1c0cb5b0d4cbd3fb6d3472d1ec,
        type: 3}
      propertyPath: m_LocalEulerAnglesHint.x
      value: 0
      objectReference: {fileID: 0}
    - target: {fileID: 8891291470376257802, guid: 48b3ea1c0cb5b0d4cbd3fb6d3472d1ec,
        type: 3}
      propertyPath: m_LocalEulerAnglesHint.y
      value: 0
      objectReference: {fileID: 0}
    - target: {fileID: 8891291470376257802, guid: 48b3ea1c0cb5b0d4cbd3fb6d3472d1ec,
        type: 3}
      propertyPath: m_LocalEulerAnglesHint.z
      value: 0
      objectReference: {fileID: 0}
    - target: {fileID: 8891291470376257803, guid: 48b3ea1c0cb5b0d4cbd3fb6d3472d1ec,
        type: 3}
      propertyPath: m_Name
      value: LU:Lighting (interactive)
      objectReference: {fileID: 0}
    m_RemovedComponents: []
  m_SourcePrefab: {fileID: 100100000, guid: 48b3ea1c0cb5b0d4cbd3fb6d3472d1ec, type: 3}
--- !u!4 &1924091654663284406 stripped
Transform:
  m_CorrespondingSourceObject: {fileID: 8891291470376257802, guid: 48b3ea1c0cb5b0d4cbd3fb6d3472d1ec,
    type: 3}
  m_PrefabInstance: {fileID: 7050254725094272956}
  m_PrefabAsset: {fileID: 0}
--- !u!114 &1924091654663284425 stripped
MonoBehaviour:
  m_CorrespondingSourceObject: {fileID: 8891291470376257909, guid: 48b3ea1c0cb5b0d4cbd3fb6d3472d1ec,
    type: 3}
  m_PrefabInstance: {fileID: 7050254725094272956}
  m_PrefabAsset: {fileID: 0}
  m_GameObject: {fileID: 0}
  m_Enabled: 1
  m_EditorHideFlags: 0
  m_Script: {fileID: 11500000, guid: 1cb751f3fa55450c8d75c62efdc05914, type: 3}
  m_Name: 
  m_EditorClassIdentifier: 
--- !u!1001 &8074828338648491540
PrefabInstance:
  m_ObjectHideFlags: 0
  serializedVersion: 2
  m_Modification:
    m_TransformParent: {fileID: 1924091654722573523}
    m_Modifications:
    - target: {fileID: 3816837537917630441, guid: c68b1508ec5ad67479517f4a788e41de,
        type: 3}
      propertyPath: m_Name
      value: Lighting Stage Scene (interactive)
      objectReference: {fileID: 0}
    - target: {fileID: 4630352229392598377, guid: c68b1508ec5ad67479517f4a788e41de,
        type: 3}
      propertyPath: m_AnchorMax.x
      value: 0
      objectReference: {fileID: 0}
    - target: {fileID: 4630352229392598377, guid: c68b1508ec5ad67479517f4a788e41de,
        type: 3}
      propertyPath: m_AnchorMax.y
      value: 0
      objectReference: {fileID: 0}
    - target: {fileID: 4630352229392598377, guid: c68b1508ec5ad67479517f4a788e41de,
        type: 3}
      propertyPath: m_AnchorMin.x
      value: 0
      objectReference: {fileID: 0}
    - target: {fileID: 4630352229505254504, guid: c68b1508ec5ad67479517f4a788e41de,
        type: 3}
      propertyPath: m_AnchorMax.x
      value: 0
      objectReference: {fileID: 0}
    - target: {fileID: 4630352229505254504, guid: c68b1508ec5ad67479517f4a788e41de,
        type: 3}
      propertyPath: m_AnchorMax.y
      value: 0
      objectReference: {fileID: 0}
    - target: {fileID: 7068646080067831428, guid: c68b1508ec5ad67479517f4a788e41de,
        type: 3}
      propertyPath: m_RootOrder
      value: 3
      objectReference: {fileID: 0}
    - target: {fileID: 7068646080067831428, guid: c68b1508ec5ad67479517f4a788e41de,
        type: 3}
      propertyPath: m_LocalPosition.x
      value: 0
      objectReference: {fileID: 0}
    - target: {fileID: 7068646080067831428, guid: c68b1508ec5ad67479517f4a788e41de,
        type: 3}
      propertyPath: m_LocalPosition.y
      value: 0
      objectReference: {fileID: 0}
    - target: {fileID: 7068646080067831428, guid: c68b1508ec5ad67479517f4a788e41de,
        type: 3}
      propertyPath: m_LocalPosition.z
      value: 0
      objectReference: {fileID: 0}
    - target: {fileID: 7068646080067831428, guid: c68b1508ec5ad67479517f4a788e41de,
        type: 3}
      propertyPath: m_LocalRotation.w
      value: 1
      objectReference: {fileID: 0}
    - target: {fileID: 7068646080067831428, guid: c68b1508ec5ad67479517f4a788e41de,
        type: 3}
      propertyPath: m_LocalRotation.x
      value: 0
      objectReference: {fileID: 0}
    - target: {fileID: 7068646080067831428, guid: c68b1508ec5ad67479517f4a788e41de,
        type: 3}
      propertyPath: m_LocalRotation.y
      value: 0
      objectReference: {fileID: 0}
    - target: {fileID: 7068646080067831428, guid: c68b1508ec5ad67479517f4a788e41de,
        type: 3}
      propertyPath: m_LocalRotation.z
      value: 0
      objectReference: {fileID: 0}
    - target: {fileID: 7068646080067831428, guid: c68b1508ec5ad67479517f4a788e41de,
        type: 3}
      propertyPath: m_LocalEulerAnglesHint.x
      value: 0
      objectReference: {fileID: 0}
    - target: {fileID: 7068646080067831428, guid: c68b1508ec5ad67479517f4a788e41de,
        type: 3}
      propertyPath: m_LocalEulerAnglesHint.y
      value: 0
      objectReference: {fileID: 0}
    - target: {fileID: 7068646080067831428, guid: c68b1508ec5ad67479517f4a788e41de,
        type: 3}
      propertyPath: m_LocalEulerAnglesHint.z
      value: 0
      objectReference: {fileID: 0}
    m_RemovedComponents: []
  m_SourcePrefab: {fileID: 100100000, guid: c68b1508ec5ad67479517f4a788e41de, type: 3}
--- !u!4 &1303631288246214800 stripped
Transform:
  m_CorrespondingSourceObject: {fileID: 7068646080067831428, guid: c68b1508ec5ad67479517f4a788e41de,
    type: 3}
  m_PrefabInstance: {fileID: 8074828338648491540}
  m_PrefabAsset: {fileID: 0}
--- !u!114 &1924091653642658882 stripped
MonoBehaviour:
  m_CorrespondingSourceObject: {fileID: 7691078052344529494, guid: c68b1508ec5ad67479517f4a788e41de,
    type: 3}
  m_PrefabInstance: {fileID: 8074828338648491540}
  m_PrefabAsset: {fileID: 0}
  m_GameObject: {fileID: 1954093198515903217}
  m_Enabled: 0
  m_EditorHideFlags: 0
  m_Script: {fileID: 11500000, guid: 7d32e7141ea8fb94fa22e8979f5d0c1f, type: 3}
  m_Name: 
  m_EditorClassIdentifier: 
--- !u!114 &1924091653787964663 stripped
MonoBehaviour:
  m_CorrespondingSourceObject: {fileID: 7691078052183667427, guid: c68b1508ec5ad67479517f4a788e41de,
    type: 3}
  m_PrefabInstance: {fileID: 8074828338648491540}
  m_PrefabAsset: {fileID: 0}
  m_GameObject: {fileID: 0}
  m_Enabled: 1
  m_EditorHideFlags: 0
  m_Script: {fileID: 11500000, guid: 79971196dd316af47b66b4c91aee1fb2, type: 3}
  m_Name: 
  m_EditorClassIdentifier: 
--- !u!114 &1924091654266848626 stripped
MonoBehaviour:
  m_CorrespondingSourceObject: {fileID: 7691078051856655206, guid: c68b1508ec5ad67479517f4a788e41de,
    type: 3}
  m_PrefabInstance: {fileID: 8074828338648491540}
  m_PrefabAsset: {fileID: 0}
  m_GameObject: {fileID: 1924091654266848637}
  m_Enabled: 1
  m_EditorHideFlags: 0
  m_Script: {fileID: 11500000, guid: 7d32e7141ea8fb94fa22e8979f5d0c1f, type: 3}
  m_Name: 
  m_EditorClassIdentifier: 
--- !u!114 &1924091654266848636 stripped
MonoBehaviour:
  m_CorrespondingSourceObject: {fileID: 7691078051856655208, guid: c68b1508ec5ad67479517f4a788e41de,
    type: 3}
  m_PrefabInstance: {fileID: 8074828338648491540}
  m_PrefabAsset: {fileID: 0}
  m_GameObject: {fileID: 1924091654266848637}
  m_Enabled: 0
  m_EditorHideFlags: 0
  m_Script: {fileID: 11500000, guid: 0466c2967f8fc0547b2cbfc51359e573, type: 3}
  m_Name: 
  m_EditorClassIdentifier: 
--- !u!1 &1924091654266848637 stripped
GameObject:
  m_CorrespondingSourceObject: {fileID: 7691078051856655209, guid: c68b1508ec5ad67479517f4a788e41de,
    type: 3}
  m_PrefabInstance: {fileID: 8074828338648491540}
  m_PrefabAsset: {fileID: 0}
--- !u!1 &1954093198515903217 stripped
GameObject:
  m_CorrespondingSourceObject: {fileID: 7715186223453224165, guid: c68b1508ec5ad67479517f4a788e41de,
    type: 3}
  m_PrefabInstance: {fileID: 8074828338648491540}
  m_PrefabAsset: {fileID: 0}
